 Dungeon Crawl Stone Soup version 0.29.1-15-g9cfb28693d (webtiles) character file.

Game seed: 10254991783974759678

1 Eitelfritz the Slasher (level 1, -1/18 HPs)
             Began as a Minotaur Gladiator on Apr 28, 2023.
             Slain by a kobold
             ... wielding a +0 whip
              (2 damage)
             ... on level 1 of the Dungeon.
             The game lasted 00:00:06 (23 turns).

Eitelfritz the Slasher (Minotaur Gladiator)           Turns: 23, Time: 00:00:07

Health: -1/18      AC:  3    Str: 18    XL:     1   Next: 16%
Magic:  0/0        EV: 12    Int:  5    God:
Gold:   14         SH:  0    Dex: 11    Spells: 0/0 levels left

rFire   . . .      SeeInvis .   a - +0 long sword
rCold   . . .      Faith    .   (no shield)
rNeg    . . .      Spirit   .   b - +0 leather armour
rPois   .          Reflect  .   c - +0 hat
rElec   .          Harm     .   (no cloak)
rCorr   .          Rampage  .   (no gloves)
Will    .....                   (no boots)
Stlth   +.........              (no amulet)
HPRegen 0.06/turn               (no ring)
MPRegen 0.07/turn               (no ring)

@: no status effects
A: horns 2, retaliatory headbutt
a: no special abilities


You were on level 1 of the Dungeon.
You visited 1 branch of the dungeon, and saw 1 of its levels.

You collected 14 gold pieces.

Inventory:

Hand Weapons
 a - a +0 long sword (weapon)
Missiles
 d - 3 throwing nets (quivered)
 e - a javelin
Armour
 b - a +0 leather armour (worn)
 c - a +0 hat (worn)
Potions
 f - a potion of invisibility {unknown}


   Skills:
 + Level 2.4 Fighting
 + Level 3.6 Long Blades
 + Level 2.0 Throwing
 + Level 0.2 Armour
 + Level 3.3 Dodging


You couldn't memorise any spells.
You didn't know any spells.
Your spell library was empty.

Dungeon Overview and Level Annotations

Branches:
Dungeon (1/15)

Altars:


Innate Abilities, Weirdness & Mutations

You have a pair of horns on your head.
You reflexively headbutt those who attack you in melee.


Message History

Found a scroll labelled RUXZAPLO SEDEO.
The ball python hisses angrily.
An endoplasm comes into view.
A kobold comes into view. It is wielding a +0 whip.
Found 3 poisoned darts and a scroll labelled MEOHAL YLANWO.
The kobold shouts!
The kobold moves out of view.
Found 3 gold pieces and 2 stones.
The ball python barely misses you. The ball python grabs you.
The ball python constricts you. The rat bites you but does no damage.
You closely miss the ball python. The ball python bites you.
The ball python constricts you. The rat bites you.
You barely miss the ball python.
The ball python bites you but does no damage.
The ball python constricts you. The rat bites you.
The ball python barely misses you. The ball python constricts you.
You hit the ball python.
You kill the ball python!
A rat comes into view.
The kobold throws a stone.
The stone closely misses you. The rat misses you. The rat closely misses you.
The endoplasm hits you but does no damage.
The kobold hits you with a +0 whip.
Unknown command.
You miss the kobold. The kobold barely misses you.
The endoplasm closely misses you. The rat barely misses you.
You hit the rat but do no damage. The kobold closely misses you.
The endoplasm hits you.
* * * LOW HITPOINT WARNING * * *
The rat closely misses you. You furiously retaliate!
You headbutt the rat!
You kill the rat!
The kobold closely misses you.
The endoplasm hits you but does no damage.
You closely miss the kobold. Your headbutt misses the kobold.
The kobold barely misses you. The rat barely misses you.
The endoplasm closely misses you.
You barely miss the kobold. The rat barely misses you. The endoplasm hits you.
* * * LOW HITPOINT WARNING * * *
The kobold hits you with a +0 whip.
You die...

.#. #####.#
#...##. #'# .#
.......###.##.#
...##......#..#
#...##.##.....#
.(..........#.#
$...).....##..#
......J........#
...^...@###.#....
......rK# ...#...
.?....... .#..##
.......... ?....
........... .#
............
.........(###
###........


You could see an endoplasm, a kobold and a rat.

Vanquished Creatures
  A ball python (D:1)
  A rat (D:1)
2 creatures vanquished.

Notes
Turn   | Place    | Note
-------+----------+-------------------------------------------
     0 | D:1      | Eitelfritz the Minotaur Gladiator began the quest for the
                  | Orb.
     0 | D:1      | Reached XP level 1. HP: 18/18 MP: 0/0
    23 | D:1      | Slain by a kobold

Illustrated notes

Levels and vault maps discovered:
D:1:      amcnicky_arrival_choice, layout_rooms,
          dreamdust_ecumenical_altar_drowned_temple, serial_shops,
          nicolae_shop_behind_doors, shop

Action                   || total
-------------------------++-------
Melee: Long sword        ||     7
Armor: Leather armour    ||     4
Dodge: Dodged            ||    15
